 Dungeon Crawl Stone Soup version 0.26-a0-835-g8259106e14 (webtiles) character file.

Game seed: 7825334129739899014

6293 strifetoe the Cleaver (level 10, 0/61 HPs)
             Began as a Gargoyle Fighter on Nov 18, 2020.
             Was an Elder of Okawaru.
             Killed from afar by a molten gargoyle (25 damage)
             ... with a bolt of magma
             ... on level 10 of the Dungeon.
             The game lasted 00:11:31 (9408 turns).

strifetoe the Cleaver (Gargoyle Fighter)            Turns: 9408, Time: 00:11:31

Health: 0/61       AC: 23    Str: 23    XL:     10   Next: 94%
Magic:  10/10      EV:  8    Int:  9    God:    Okawaru [****..]
Gold:   193        SH: 10    Dex:  9    Spells: 9/9 levels left

rFire    . . .     SeeInvis .   a - +1 war axe
rCold    . . .     Faith    .   c - +1 kite shield
rNeg     + . .     Spirit   .   v - +0 plate armour
rPois    ∞         Reflect  .   (no helmet)
rElec    +         Harm     +   (no cloak)
rCorr    .         Rampage  .   E - +2 pair of gloves of Pidy Xub {Harm +Inv +Fly}
MR       .....                  (no boots)
Stlth    ..........             (no amulet)
HPRegen  0.20/turn              D - +4 ring of slaying
MPRegen  0.12/turn              p - +4 ring of evasion

@: about to teleport
A: negative energy resistance 1, electricity resistance, unbreathing,
petrification resistance, rot immunity, AC +7
a: Heroism, Renounce Religion, Evoke Invisibility, Evoke Flight


You were on level 10 of the Dungeon.
You worshipped Okawaru.
Okawaru was greatly pleased with you.
You visited 2 branches of the dungeon, and saw 11 of its levels.

You collected 706 gold pieces.
You spent 513 gold pieces at shops.

Inventory:

Hand Weapons
 a - a +1 war axe (weapon)
 u - a +0 flail
 C - a +1 dire flail of venom
Armour
 c - a +1 kite shield (worn)
 v - a +0 plate armour (worn)
 E - the +2 pair of gloves of Pidy Xub (worn) {Harm +Inv +Fly}
   (You bought it in a shop on level 9 of the Dungeon)

   It lets you turn invisible.
   It lets you fly.
   It increases damage dealt and taken.
Jewellery
 p - a +4 ring of evasion (right hand)
 q - an uncursed ring of protection from cold
 s - the ring "Pigygi" {Wiz Int+4}
   (You bought it in a shop on level 7 of the Dungeon)

   [ring of wizardry]

   It improves your spell success rate.
   It affects your intelligence (+4).
 D - a +4 ring of slaying (left hand)
 F - an uncursed ring of ice
 G - an uncursed ring of see invisible
Wands
 n - a wand of disintegration (14)
 z - a wand of acid (7)
Scrolls
 b - a scroll of torment {unknown}
 e - a scroll of fog
 f - a scroll of teleportation
 h - 6 scrolls of identify
 i - a scroll of blinking
 j - 3 scrolls of enchant weapon
 l - 3 scrolls of remove curse
 o - 2 scrolls of brand weapon
 t - 2 scrolls of fear
 y - 3 scrolls of amnesia
 A - a scroll of magic mapping
Potions
 d - 2 potions of might
 g - 6 potions of curing
 m - a potion of heal wounds
 r - 2 potions of flight
 w - a potion of cancellation
 x - 2 potions of resistance


   Skills:
 + Level 6.3 Fighting
 - Level 13.1 Axes
 + Level 6.3 Armour
 - Level 3.2 Shields


You had 9 spell levels left.
You didn't know any spells.
Your spell library contained the following spells:

 Spells                   Type           Power        Failure   Level
 Corona                   Hex            #......      100%        1
 Foxfire                  Conj/Fire      #...         100%        1
 Sandblast                Erth           #.....       100%        1
 Passwall                 Tmut/Erth      #.......     100%        2
 Poisonous Vapours        Pois/Air       #.....       100%        2
 Slow                     Hex            #.......     100%        2
 Conjure Flame            Conj/Fire      #.......     100%        3
 Inner Flame              Hex/Fire       #.......     100%        3
 Mephitic Cloud           Conj/Pois/Air  #.......     100%        3
 Portal Projectile        Hex/Tloc       #.....       100%        3
 Stone Arrow              Conj/Erth      #.....       100%        3
 Cause Fear               Hex            #.........   100%        4
 Leda's Liquefaction      Hex/Erth       #.........   100%        4
 Petrify                  Tmut/Erth      #.......     100%        4
 Sticky Flame             Conj/Fire      #.......     100%        4
 Fireball                 Conj/Fire      #.........   100%        5
 Lee's Rapid Deconstruct  Erth           #.........   100%        5
 Freezing Cloud           Conj/Ice/Air   #.........   100%        6


Dungeon Overview and Level Annotations

Branches:
Dungeon (10/15)            Temple (1/1) D:6            Lair (0/6) D:9
    Orc (0/2) D:9

Altars:
Cheibriados
Elyvilon
Fedhas
Gozag
Hepliaklqana
Kikubaaqudgha
Makhleb
Okawaru
Qazlal
Sif Muna
Trog
Uskayaw
Wu Jian
Xom
Yredelemnul
Zin
The Shining One

Shops:
D:5 *   D:7 ***[   D:9 :[[(


Innate Abilities, Weirdness & Mutations

You are resistant to torment.
Your stone body is resilient. (AC +7)
You are immune to poison.
You resist negative energy. (rN+)
You are resistant to electric shocks. (rElec)
You can survive without breathing.
You are immune to petrification.
You are immune to rotting.


Message History

Evoke which item? (* to show all) (? for menu, Esc to quit)
Okay, then.
Okay, then.
As you read the scroll of teleportation, it crumbles to dust.
You feel strangely unstable.
The molten gargoyle hits you but does no damage.
You hit the molten gargoyle.
The molten gargoyle is lightly damaged.
The molten gargoyle completely misses you.
Your shield and plate armour prevent you from hitting the molten gargoyle.
The molten gargoyle is lightly damaged.
You hit the molten gargoyle.
The molten gargoyle blasts magma at you!
The bolt of magma misses you.
You completely miss the molten gargoyle.
The molten gargoyle is lightly damaged.
You slash the molten gargoyle!
The molten gargoyle blasts magma at you!
The bolt of magma hits you!!
You die...

######### #######
#......... ......###
#..#.#.#.#. #......#
#.#.#.#.#.#
#.##.#.###..#...≈.≈.
#....#..>..#..≈≈§≈≈≈ #
#.#........9#.≈≈≈≈≈§
#.##.##.#..##@#.§9≈88≈≈
#..........###9#.≈≈88≈§
####.#####.# ##9S≈≈≈≈§§
#######.#
#.....#.≈≈§≈≈≈
#.......# #.....#
..§§≈..
#.#####.####......
.#.#.#.
....#............#
#.#.#.#
....).#......... # ## #
......#....#....


You could see 3 molten gargoyles and a lava snake.

Vanquished Creatures
  A two-headed ogre (D:9)
  The ghost of Meejax the Cleaver, a novice HOFi of Beogh (D:8)
  A deep elf mage (D:10)
  The ghost of Kamikaze the Shield-Bearer, a novice MiFi (D:6)
  A molten gargoyle (D:10)
  The ghost of Meejax the Slasher, a novice DsGl of Uskayaw (D:5)
  A wyvern (D:10)
  Menkaure (D:4)
  2 water moccasins
  3 orc warriors
  A phantom (D:9)
  3 sky beasts
  3 ice beasts
  A black bear (D:6)
  An ogre (D:8)
  3 centaurs
  A big kobold (D:8)
  4 bullfrogs
  5 scorpions
  A howler monkey (D:10)
  2 bullfrog zombies
  9 hounds
  A jelly (D:7)
  A centaur skeleton (D:6)
  4 orc priests
  A bullfrog skeleton (D:5)
  3 iguanas
  7 orc wizards
  4 worker ants
  Robin (D:2)
  12 gnolls (D:8)
  11 adders
  2 shadow imps (D:6)
  A white imp (D:8)
  An ufetubus (D:8)
  2 oozes
  An adder skeleton (D:6)
  An adder zombie (D:8)
  2 worms
  The ghost of Spectrina the Sneak, a weakling DgDe (D:5)
  A dart slug (D:1)
  6 leopard geckos
  35 orcs
  2 ball pythons
  7 bats (D:1)
  4 giant cockroaches
  13 goblins
  7 hobgoblins
  5 jackals
  9 kobolds
  3 quokkas
  6 frilled lizards
  2 quokka skeletons
  A quokka zombie (D:5)
  4 rats (D:1)
208 creatures vanquished.

Notes
Turn   | Place    | Note
-------+----------+-------------------------------------------
     0 | D:1      | strifetoe the Gargoyle Fighter began the quest for the Orb.
     0 | D:1      | Reached XP level 1. HP: 14/14 MP: 1/1
    27 | D:1      | Reached skill level 2 in Axes
    51 | D:1      | Reached XP level 2. HP: 19/19 MP: 2/2
   447 | D:1      | Reached skill level 3 in Axes
   562 | D:1      | Reached XP level 3. HP: 23/23 MP: 3/3
   815 | D:2      | Found an ancient bone altar of Kikubaaqudgha.
   835 | D:2      | Noticed Robin
   855 | D:2      | Killed Robin
   856 | D:2      | Reached XP level 4. HP: 26/28 MP: 4/4
   963 | D:2      | Reached skill level 4 in Axes
  1526 | D:2      | Reached XP level 5. HP: 27/32 MP: 5/5
  1683 | D:3      | You fall into a shaft and drop 2 floors!
  1683 | D:5      | Entered Level 5 of the Dungeon
  1745 | D:5      | Found a glowing silver altar of Zin.
  1746 | D:5      | Found Zin's Purification Station.
  1756 | D:5      | Noticed a sky beast
  1769 | D:5      | Killed a sky beast
  1770 | D:5      | Reached skill level 5 in Axes
  1866 | D:5      | Reached XP level 6. HP: 36/37 MP: 6/6
  2193 | D:4      | Noticed Menkaure
  2202 | D:4      | Killed Menkaure
  2203 | D:4      | Reached skill level 6 in Axes
  2712 | D:4      | Reached XP level 7. HP: 41/41 MP: 7/7
  3280 | D:5      | Reached skill level 7 in Axes
  3409 | D:5      | Found a white marble altar of Elyvilon.
  3499 | D:5      | Found a hazy altar of Hepliaklqana.
  3840 | D:6      | Reached skill level 8 in Axes
  3902 | D:6      | Found a staircase to the Ecumenical Temple.
  3923 | D:6      | Reached XP level 8. HP: 44/46 MP: 8/8
  4004 | D:6      | Found an opulent altar of Gozag.
  4132 | D:6      | Found a runed translucent gate.
  4270 | D:6      | Found a burning altar of Makhleb.
  4360 | D:6      | Found a runed translucent gate.
  4373 | D:6      | Reached skill level 9 in Axes
  4436 | D:6      | Found a runed translucent gate.
  4436 | D:6      | Noticed Meejax's ghost (novice DsGl)
  4436 | D:6      | Noticed Kamikaze's ghost (novice MiFi)
  4437 | D:6      | Noticed Spectrina's ghost (weakling DgDe)
  4586 | D:5      | Killed Spectrina's ghost
  4625 | D:5      | Killed Meejax's ghost
  4733 | Temple   | Entered the Ecumenical Temple
  4780 | Temple   | Became a worshipper of Warmaster Okawaru
  4874 | D:6      | Killed Kamikaze's ghost
  4874 | D:6      | Reached * piety under Okawaru
  4875 | D:6      | Reached skill level 10 in Axes
  4875 | D:6      | Reached XP level 9. HP: 16/51 MP: 9/9
  5607 | D:7      | Found Fad Qoewegh's Antique Armour Shop.
  5624 | D:7      | Found Vaiwast's General Store.
  5632 | D:7      | Bought a potion of curing for 42 gold pieces
  5640 | D:7      | Found Acinlyet's Assorted Antiques.
  5670 | D:7      | Reached skill level 11 in Axes
  5906 | D:7      | Bought a glittering brass ring for 135 gold pieces
  5906 | D:7      | Identified the ring "Pigygi" {Wiz Int+4} (You bought it in
                  | a shop on level 7 of the Dungeon)
  6126 | D:7      | Found a stormy altar of Qazlal.
  6326 | D:7      | Found a shimmering blue altar of Sif Muna.
  6347 | D:7      | Reached ** piety under Okawaru
  6471 | D:7      | Found Yjeit's General Store.
  6974 | D:8      | Found a runed translucent door.
  6975 | D:8      | Noticed Meejax's ghost (novice HOFi)
  6984 | D:8      | Reached skill level 12 in Axes
  7400 | D:8      | Found a glowing golden altar of the Shining One.
  7519 | D:8      | Reached XP level 10. HP: 52/56 MP: 10/10
  7756 | D:8      | Killed Meejax's ghost
  7756 | D:8      | Reached *** piety under Okawaru
  7757 | D:8      | Reached skill level 13 in Axes
  7919 | D:9      | Found a staircase to the Lair.
  8064 | D:9      | HP: 1/56 [orc warrior/+1 dire flail of venom (12)]
  8408 | D:9      | Noticed a two-headed ogre
  8421 | D:9      | Killed a two-headed ogre
  8572 | D:9      | Found Cavutyj's Book Boutique.
  8675 | D:9      | Reached **** piety under Okawaru
  8707 | D:9      | Found Ipixtuol's Armour Boutique.
  8710 | D:9      | Bought the +2 pair of gloves of Pidy Xub {Harm +Inv +Fly}
                  | for 336 gold pieces
  8777 | D:9      | Found Joeheix's Armour Shop.
  8786 | D:9      | Reached skill level 5 in Fighting
  8786 | D:9      | Reached skill level 5 in Armour
  8786 | D:9      | Found Muudd's Weapon Shop.
  8896 | D:9      | Found a staircase to the Orcish Mines.
  8955 | D:9      | Found a shimmering altar of Xom.
  9106 | D:10     | Entered Level 10 of the Dungeon
  9333 | D:10     | Noticed a deep elf mage
  9340 | D:10     | Killed a deep elf mage
  9393 | D:10     | Noticed a molten gargoyle
  9397 | D:10     | Noticed a molten gargoyle
  9397 | D:10     | Noticed a molten gargoyle
  9397 | D:10     | Noticed a molten gargoyle
  9399 | D:10     | Killed a molten gargoyle
  9408 | D:10     | Killed from afar by a molten gargoyle

Illustrated notes

Levels and vault maps discovered:
D:1:      roderic_crossed_star, layout_basic
D:2:      layout_basic, old_standard_altar, uniq_robin
D:3:      layout_loops_cross
D:4:      layout_basic, chequers_avenue, kennysheep_generic_room_8,
          uniq_menkaure
D:5:      layout_rooms, zin_purify, elyvilon_altar_3, basic_altar
D:6:      minmay_angry_zag, layout_gridville, old_standard_altar,
          minmay_temple_entry_arrows, gammafunk_ghost_cemetery,
          makhleb_heckhound_becter
D:7:      layout_cave_pods, lemuel_crystal_altar, serial_shops,
          nicolae_shop_behind_doors, shop, shop, shop_fountains,
          grunt_qazlal_clouds
D:8:      layout_gridville, lemuel_crystal_altar, gammafunk_ghost_grave
D:9:      layout_gridville, nicolae_overflow_crystal_walls, lair_entry_dummy,
          hiddenorc1_lemuel, serial_shops, kennysheep_mini, shop, shop, shop
D:10:     kennysheep_six_static_rooms, layout_loops_cross, minivault_8
Temple:   regret_index_temple_waves

Skill      XL: |  1  2  3  4  5  6  7  8  9 10 |
---------------+-------------------------------+-----
Axes           | 2 3 4 5 6 8 10 12 13 | 13.1
Fighting       | 6 |  6.3
Armour         | 6 |  6.3
Shields        | |  3.2

Action                   |  1- 3 |  4- 6 |  7- 9 | 10-12 || total
-------------------------+-------+-------+-------+-------++-------
Melee: War axe           |    96 |   172 |   444 |   137 ||   849
Invok: Heroism           |       |       |     1 |     3 ||     4
  Use: Potion            |     2 |     1 |     1 |     2 ||     6
       Scroll            |     1 |       |    16 |     4 ||    21
Armor: Scale mail        |    34 |       |       |       ||    34
       Chain mail        |    76 |    90 |    45 |       ||   211
       Plate armour      |       |       |   248 |    56 ||   304
Dodge: Dodged            |    54 |    32 |   103 |    28 ||   217
Block: Kite shield       |    66 |    87 |   239 |    52 ||   444

Table legend: (Time is in decaauts)
 A = Elapsed time spent in this place.
 B = Non-inter-level travel time spent in this place.
 C = Inter-level travel time spent in this place.
 D = Time resting spent in this place.
 E = Time spent auto-exploring this place.
 F = Levels seen in this place.
 G = Mean time per level.
                   A        B        C        D        E       F      G
               +--------+--------+--------+--------+--------+-----+--------+
         Total |   9556 |   9118 |    438 |   1363 |   5988 |  11 |  868.7 |
       Dungeon |   9494 |   9086 |    408 |   1363 |   5958 |  10 |  949.4 |
        Temple |     62 |     33 |     29 |      0 |     29 |   1 |   62.0 |
               +--------+--------+--------+--------+--------+-----+--------+

Top non-repeatable levels by time:
     D:6: 1539 daAuts
     D:8: 1267 daAuts
     D:7: 1216 daAuts
     D:9: 1192 daAuts
     D:5: 1136 daAuts
     D:4: 1096 daAuts
     D:2: 927 daAuts
     D:1: 816 daAuts
    D:10: 295 daAuts
  Temple: 62 daAuts
     D:3: 5 daAuts
